 Dungeon Crawl Stone Soup version 0.30.1-11-g7821555f0a (webtiles) character file.

Game seed: 13786133117433997603

18 leafyfresh the Sneak (level 2, -2/25 HPs)
             Began as a Barachi Delver on Nov 16, 2023.
             Slain by Terence
             ... wielding a +0 flail
              (5 damage)
             ... on level 3 of the Dungeon.
             The game lasted 00:00:46 (287 turns).

leafyfresh the Sneak (Barachi Delver)                Turns: 287, Time: 00:00:46

Health: -2/25      AC:  3    Str: 13    XL:     2   Next: 66%
Magic:  2/2        EV: 12    Int: 10    God:
Gold:   7          SH:  0    Dex: 13    Spells: 1/1 levels left

rFire   . . .        a - +0 falchion
rCold   . . .        (no shield)
rNeg    . . .        b - +0 leather armour
rPois   .            (no helmet)
rElec   .            (no cloak)
rCorr   .            (no gloves)
SInv    .            (no boots)
Will    .....        (no amulet)
Stlth   ++           (no ring)
HPRegen 0.24/turn    (no ring)
MPRegen 0.08/turn

%: no passive effects
@: slow
A: amphibious, slowness 1, strong legs 1, +LOS
a: Hop


You were on level 3 of the Dungeon.
You visited 1 branch of the dungeon, and saw 3 of its levels.

You collected 7 gold pieces.

Inventory:

Hand Weapons
 a - a +0 falchion (weapon)
Armour
 b - a +0 leather armour (worn)
Wands
 g - a wand of digging (3)
Scrolls
 c - a scroll of fog
 d - a scroll of magic mapping
 e - a scroll of fear
 h - 2 scrolls of identify {unknown}
Potions
 f - a potion of haste


   Skills:
 + Level 4.2 Fighting
 - Level 2.4 Long Blades
 + Level 2.9 Dodging
 - Level 4.5 Stealth


You had one spell level left.
You didn't know any spells.
Your spell library was empty.

Dungeon Overview and Level Annotations

Branches:
Dungeon (5/15)
 Temple: D:4-7

Altars:
Ashenzari

Annotations:
D:3 Terence


Innate Abilities, Weirdness & Mutations

You are amphibious.
You cover ground slowly.
You can hop short distances.
You have an extended range of vision and can be seen from far away.


Message History

You hit Terence.
Terence is lightly wounded.
Terence hits you with a +0 flail!
You hit Terence but do no damage.
Terence is lightly wounded.
Terence barely misses you.
You closely miss Terence.
Terence is lightly wounded.
Terence barely misses you.
You completely miss Terence.
Terence is lightly wounded.
Terence says, "How do you enjoy it?" Terence closely misses you.
You hit Terence but do no damage.
Terence is lightly wounded.
Terence barely misses you.
You barely miss Terence.
Terence is lightly wounded.
Terence barely misses you. Terence closely misses you.
You hit Terence but do no damage. Terence closely misses you.
You hit Terence but do no damage. Terence misses you.
You hit Terence but do no damage. Terence closely misses you.
You hit Terence.
Terence is moderately wounded.
Terence barely misses you.
You hit Terence. Your punch misses Terence.
Terence is heavily wounded.
Terence hits you with a +0 flail!
* * * LOW HITPOINT WARNING * * *
You barely miss Terence.
Terence is heavily wounded.
Terence barely misses you. Terence misses you.
You hit Terence.
Terence is severely wounded.
Terence hits you with a +0 flail.
* * * LOW HITPOINT WARNING * * *
You hit Terence but do no damage.
Terence is severely wounded.
Terence hits you with a +0 flail.
You die...

.# ###...[...?## #.#
............# ..#
#..........# .#
#........$.# .#
#..........# ## #
#....(.....# #
#.####........## #
#..............#
#.......@@..#
#...........#
#.........$.#
###.............) ##
###...#.......######
.# #...####....###
.####.### ##..##
..##..#######..#
..............##


You could see Terence.

Vanquished Creatures
  An adder (D:3)
  A worm (D:3)
  A goblin (D:3)
  A hobgoblin (D:3)
  2 ball pythons (D:3)
  A rat (D:3)
7 creatures vanquished.

Notes
Turn   | Place    | Note
-------+----------+-------------------------------------------
     0 | D:5      | leafyfresh the Barachi Delver began the quest for the Orb.
     0 | D:5      | Reached XP level 1. HP: 18/18 MP: 1/1
    44 | D:5      | Noticed an ice beast
   148 | D:3      | Reached XP level 2. HP: 22/25 MP: 2/2
   173 | D:3      | Found a broken altar of Ashenzari.
   267 | D:3      | Noticed Terence
   287 | D:3      | Slain by Terence

Illustrated notes

Levels and vault maps discovered:
D:3:      layout_rooms, mainiacjoe_overflow_cross_hatched,
          amcnicky_mini_rare_corridor_liquid, minmay_randomly_rotated_circles,
          uniq_terence
D:4:      layout_loops_cross, lemuel_coloured_pillars_altar,
          lemuel_crystal_altar, minmay_temple_entry_from_below_a, uniq_edmund
D:5:      layout_rooms, amcnicky_altar_gilded, nicolae_kite_square_tiling_tiny

Skill      XL: |  1 |
---------------+----+-----
Fighting       | 4 |  4.2
Long Blades    | |  2.4
Dodging        | |  2.9
Stealth        | |  4.5

Action                     || total
---------------------------++-------
  Melee: Falchion          ||    35
         Punch             ||     2
   Stab: Sleeping          ||     2
 Armour: Leather armour    ||     3
  Dodge: Dodged            ||    21
